Panthers vs Predators
Created - December 12, 2024 at 19:17
Goals
|
| Panthers |
0 |
1 |
0 |
1 |
| Predators |
1 |
2 |
2 |
5 |
|
Shots
|
| Panthers |
10 |
9 |
10 |
29 |
| Predators |
15 |
12 |
12 |
39 |
|
1st period
1. Predators , Reilly Smith 8 (Jaden Schwartz 16, Andy Miele 9) at 18:58
Penalties :
No Penalty
2nd period
2. Panthers , Aleksander Barkov 5 (Pavel Buchnevich 4, Drake Batherson 8) at 10:05
3. Predators , Travis Dermott 3 (Claude Giroux 8) at 12:39
4. Predators , John Moore 1 (Jack Eichel 18, Justin Faulk 18) at 13:48 (PP)
Penalties :
Niklas Hansson (Flo) for Kneeing (Minor) at 13:24, John Moore (Nas) for Holding (Minor) at 14:34
3rd period
5. Predators , Markus Granlund 2 (Nicolas Kerdiles 5, Mathieu Joseph 3) at 1:24
6. Predators , Travis Dermott 4 (Ryan Mcdonagh 3, Mikael Granlund 20) at 8:59
Penalties :
Derick Brassard (Flo) for Holding Stick (Minor) at 1:37, Olli Juolevi (Nas) for Cross-checking (Minor) at 10:08
Goalie Stats
Brandon Halverson (Flo), 34 saves from 39 shots - (0.872), L, 2-2-0, 60:00 minutes
Andrei Vasilevskiy (Nas), 28 saves from 29 shots - (0.966), W, 9-3-1, 60:00 minutes
Players Stats for Panthers
Player Name G A P +/- PIM S H SB GA TA FO MP PP MP PK MP
------------------------------------------------------------------------------------
Aleksander Barkov 1 0 1 0 0 3 4 0 1 1 13/24 18:43 1:37 1:22
Alex Pietrangelo 0 0 0 -1 0 3 2 2 0 0 0/0 25:33 2:36 0:00
Danny DeKeiser 0 0 0 -1 0 0 0 5 0 1 0/0 20:35 1:22 0:47
Derick Brassard 0 0 0 -1 2 1 0 0 1 1 0/1 21:18 2:21 0:00
Dmitrij Jaskin 0 0 0 -1 0 2 0 0 1 1 0/0 7:36 0:00 0:00
Dominik Kahun 0 0 0 -1 0 1 0 1 1 0 1/2 7:53 0:00 0:17
Drake Batherson 0 1 1 0 0 1 2 0 0 0 0/0 17:16 1:37 0:00
Griffin Reinhart 0 0 0 -1 0 4 0 3 0 1 0/0 19:48 1:22 0:00
Kris Versteeg 0 0 0 -1 0 0 2 0 0 0 0/0 12:57 0:00 1:22
Ladislav Smid 0 0 0 -1 0 0 0 0 0 0 0/0 13:52 0:00 1:36
Matt Duchene 0 0 0 -1 0 7 0 2 1 0 9/26 21:10 2:21 0:00
Matt Puempel 0 0 0 -1 0 0 0 1 0 0 0/0 8:12 0:00 0:36
Miro Aaltonen 0 0 0 -1 0 0 1 0 0 0 3/7 12:10 0:00 0:44
Nikita Kucherov 0 0 0 -1 0 6 0 0 1 0 0/0 21:14 2:21 0:00
Niklas Hansson 0 0 0 -1 2 0 2 0 0 2 0/0 25:49 2:36 1:12
Pavel Buchnevich 0 1 1 0 0 1 1 0 0 0 0/0 17:16 1:37 0:00
Radim Simek 0 0 0 -1 0 0 1 0 0 1 0/0 14:22 0:00 1:11
Zac Rinaldo 0 0 0 -1 0 0 0 0 0 0 0/0 11:51 0:00 0:25
Players Stats for Predators
Player Name G A P +/- PIM S H SB GA TA FO MP PP MP PK MP
------------------------------------------------------------------------------------
Alexander Ovechkin 0 0 0 -1 0 2 1 0 0 0 0/0 21:05 1:40 0:46
Andreas Englund 0 0 0 -1 0 4 0 1 0 2 0/0 15:24 0:00 2:35
Andy Miele 0 1 1 1 0 1 0 0 0 1 5/8 12:38 0:00 2:20
Claude Giroux 0 1 1 2 0 1 0 0 0 0 0/0 15:55 0:43 0:52
Jack Eichel 0 1 1 -1 0 3 1 1 1 0 21/33 20:22 1:40 0:05
Jaden Schwartz 0 1 1 1 0 1 0 1 2 0 0/0 11:10 0:00 0:52
John Moore 1 0 1 1 2 1 2 1 0 0 0/0 23:13 1:37 0:29
Justin Faulk 0 1 1 1 0 4 4 1 0 1 0/0 23:51 1:37 1:23
Mark Pysyk 0 0 0 2 0 2 1 0 0 1 0/0 17:23 0:43 2:20
Markus Granlund 1 0 1 1 0 3 1 0 0 1 3/7 10:22 0:00 0:00
Mathieu Joseph 0 1 1 1 0 0 0 0 0 0 0/0 11:05 0:00 0:41
Mikael Granlund 0 1 1 -1 0 5 1 0 2 0 0/1 20:06 1:40 0:00
Nicolas Kerdiles 0 1 1 1 0 5 0 0 2 0 0/0 10:22 0:00 0:00
Olli Juolevi 0 0 0 -1 2 0 0 1 0 0 0/0 12:50 0:00 0:00
Reilly Smith 1 0 1 1 0 1 1 1 0 0 0/0 10:18 0:00 0:00
Ryan Mcdonagh 0 1 1 3 0 0 1 2 1 0 0/0 23:20 0:46 2:35
Scott Laughton 0 0 0 2 0 0 0 0 0 0 5/11 15:03 0:43 0:00
Travis Dermott 2 0 2 3 0 6 1 4 0 0 0/0 21:33 0:46 0:54
3 Stars
1 - Travis Dermott (Nas)
2 - Andrei Vasilevskiy (Nas)
3 - Ryan Mcdonagh (Nas)
Power Play
Panthers - 0 on 2 Attempt(s) - 0.00%
Predators - 1 on 2 Attempt(s) - 50.00%
Penalty Kill
Panthers - 1 on 2 Attempt(s) - 50.00%
- Score 0 goal in Penalty Kill
Predators - 2 on 2 Attempt(s) - 100.00%
- Score 0 goal in Penalty Kill
Team Stat
Panthers - Hits : 15 - Faceoff Wins : 26 - Blocked Shots : 14 - Penalty Minutes : 4
Predators - Hits : 14 - Faceoff Wins : 34 - Blocked Shots : 13 - Penalty Minutes : 4
Official
Referees : Garrett Rank and Conor O'Donnell
Linesman : Greg Devorski and Brandon Gawryletz
Game Notes
No Game Note
Finance
Level 1 -- Attendance: 5523 (92.05%) -- Ticket Income $552,300
Level 2 -- Attendance: 4599 (91.98%) -- Ticket Income $321,930
Level 3 -- Attendance: 2000 (100.00%) -- Ticket Income $80,000
Level 4 -- Attendance: 3855 (96.38%) -- Ticket Income $115,650
Luxury Box -- Attendance: 1000 (100.00%) -- Ticket Income $200,000
Game was played at the Bridgestone arena.
Total Attendance: 16977 (94.32%)
Total Ticket Income: $1,269,880
Other Income: $190,482
Total Income: $1,460,362
Panthers
5 vs 5 Forward
Center Left Wing Right Wing Time % Phy DF OF
1 Matt Duchene Derick Brassard Nikita Kucherov 40 1 2 2
2 Aleksander Barkov Pavel Buchnevich Drake Batherson 30 1 2 2
3 Miro Aaltonen Zac Rinaldo Kris Versteeg 20 1 2 2
4 Dominik Kahun Matt Puempel Dmitrij Jaskin 10 1 2 2
5 vs 5 Defense
Defense Defense Time % Phy DF OF
1 Alex Pietrangelo Niklas Hansson 40 1 2 2
2 Danny DeKeiser Griffin Reinhart 30 1 2 2
3 Ladislav Smid Radim Simek 20 1 2 2
4 Alex Pietrangelo Niklas Hansson 10 1 2 2
PowerPlay Forward
Center Left Wing Right Wing Time % Phy DF OF
1 Matt Duchene Derick Brassard Nikita Kucherov 60 0 1 4
2 Aleksander Barkov Pavel Buchnevich Drake Batherson 40 0 1 4
PowerPlay Defense
Defense Defense Time % Phy DF OF
1 Alex Pietrangelo Niklas Hansson 60 0 2 3
2 Danny DeKeiser Griffin Reinhart 40 0 2 3
Penalty Kill 4 Players Forward
Center Wing Time % Phy DF OF
1 Aleksander Barkov Kris Versteeg 60 1 3 1
2 Miro Aaltonen Zac Rinaldo 40 1 3 1
Penalty Kill 4 Players Defense
Defense Defense Time % Phy DF OF
1 Ladislav Smid Niklas Hansson 60 1 4 0
2 Danny DeKeiser Radim Simek 40 1 4 0
Penalty Kill - 3 Players Forward
Forward Time % Phy DF OF
1 Kris Versteeg 60 1 3 1
2 Aleksander Barkov 40 1 3 1
Penalty Kill - 3 Players Defense
Defense Defense Time % Phy DF OF
1 Ladislav Smid Niklas Hansson 60 1 3 1
2 Danny DeKeiser Radim Simek 40 1 3 1
4 vs 4 Forward
Center Wing Time % Phy DF OF
1 Matt Duchene Nikita Kucherov 60 1 2 2
2 Aleksander Barkov Pavel Buchnevich 40 1 2 2
4 vs 4 Defense
Defense Defense Time % Phy DF OF
1 Alex Pietrangelo Niklas Hansson 60 1 2 2
2 Danny DeKeiser Griffin Reinhart 40 1 2 2
Last Minutes Offensive
Center Left Wing Right Wing Defense Defense
Matt Duchene Pavel Buchnevich Nikita Kucherov Alex Pietrangelo Griffin Reinhart
Last Minutes Defensive
Center Left Wing Right Wing Defense Defense
Aleksander Barkov Zac Rinaldo Kris Versteeg Danny DeKeiser Niklas Hansson
Goaltenders
Starting : Brandon Halverson
Backup : Ville Husso
Extra Forwards
Normal : Aleksander Barkov, Nikita Kucherov, Matt Duchene - PP : Drake Batherson, Matt Duchene - PK : Miro Aaltonen
Extra Defensemen
Normal : Radim Simek, Alex Pietrangelo, Niklas Hansson - PP : Alex Pietrangelo - PK : Radim Simek, Niklas Hansson
Penalty Shots
Drake Batherson, Nikita Kucherov, Pavel Buchnevich, Matt Duchene, Aleksander Barkov
Custom OT Lines Forwards
Matt Duchene, Nikita Kucherov, Aleksander Barkov, Drake Batherson, Pavel Buchnevich, Zac Rinaldo, Miro Aaltonen, Derick Brassard, Matt Puempel, Kris Versteeg
Custom OT Lines Defensemen
Alex Pietrangelo, Danny DeKeiser, Niklas Hansson, Griffin Reinhart, Ladislav Smid
Scratches
Jimmy Vesey (Fractured Metatarsal (Right Foot) Injury), Nikolay Goldobin (Torn Left Knee Ligaments Injury)
Predators
5 vs 5 Forward
Center Left Wing Right Wing Time % Phy DF OF
1 Jack Eichel Alexander Ovechkin Mikael Granlund 40 1 2 2
2 Scott Laughton Claude Giroux Mark Pysyk 30 1 2 2
3 Andy Miele Jaden Schwartz Reilly Smith 20 1 2 2
4 Markus Granlund Nicolas Kerdiles Mathieu Joseph 10 1 2 2
5 vs 5 Defense
Defense Defense Time % Phy DF OF
1 John Moore Justin Faulk 40 1 2 2
2 Ryan Mcdonagh Travis Dermott 30 1 2 2
3 Andreas Englund Olli Juolevi 20 1 2 2
4 Ryan Mcdonagh Travis Dermott 10 1 3 1
PowerPlay Forward
Center Left Wing Right Wing Time % Phy DF OF
1 Jack Eichel Alexander Ovechkin Mikael Granlund 60 1 1 3
2 Scott Laughton Claude Giroux Mark Pysyk 40 1 1 3
PowerPlay Defense
Defense Defense Time % Phy DF OF
1 John Moore Justin Faulk 60 1 2 2
2 Ryan Mcdonagh Travis Dermott 40 1 2 2
Penalty Kill 4 Players Forward
Center Wing Time % Phy DF OF
1 Andy Miele Mark Pysyk 60 1 2 2
2 Claude Giroux Jaden Schwartz 40 1 2 2
Penalty Kill 4 Players Defense
Defense Defense Time % Phy DF OF
1 Ryan Mcdonagh Andreas Englund 60 1 3 1
2 John Moore Justin Faulk 40 1 3 1
Penalty Kill - 3 Players Forward
Forward Time % Phy DF OF
1 Mark Pysyk 60 1 3 1
2 Claude Giroux 40 1 3 1
Penalty Kill - 3 Players Defense
Defense Defense Time % Phy DF OF
1 Ryan Mcdonagh Andreas Englund 60 1 3 1
2 John Moore Justin Faulk 40 1 3 1
4 vs 4 Forward
Center Wing Time % Phy DF OF
1 Mikael Granlund Alexander Ovechkin 60 1 2 2
2 Jack Eichel Claude Giroux 40 1 2 2
4 vs 4 Defense
Defense Defense Time % Phy DF OF
1 John Moore Justin Faulk 60 1 2 2
2 Ryan Mcdonagh Travis Dermott 40 1 2 2
Last Minutes Offensive
Center Left Wing Right Wing Defense Defense
Jack Eichel Alexander Ovechkin Mikael Granlund Ryan Mcdonagh Justin Faulk
Last Minutes Defensive
Center Left Wing Right Wing Defense Defense
Andy Miele Claude Giroux Mark Pysyk Ryan Mcdonagh John Moore
Goaltenders
Starting : Andrei Vasilevskiy
Backup : Kari Lehtonen
Extra Forwards
Normal : Jaden Schwartz, Reilly Smith, Mathieu Joseph - PP : Jaden Schwartz, Reilly Smith - PK : Mathieu Joseph
Extra Defensemen
Normal : Ryan Mcdonagh, Travis Dermott, Olli Juolevi - PP : Olli Juolevi - PK : Andreas Englund, Ryan Mcdonagh
Penalty Shots
Alexander Ovechkin, Jack Eichel, Claude Giroux, Mikael Granlund, Jaden Schwartz
Custom OT Lines Forwards
Mikael Granlund, Alexander Ovechkin, Claude Giroux, Jack Eichel, Jaden Schwartz, Reilly Smith, Mark Pysyk, Andy Miele, Scott Laughton, Mathieu Joseph
Custom OT Lines Defensemen
Ryan Mcdonagh, Justin Faulk, John Moore, Travis Dermott, Olli Juolevi
Scratches
Joel Armia (Healthy), Morgan Rielly (Lower Body Injury)
% Time on Ice - Panthers
Lines # - Real PCT - Wanted PCT - Time Play
Normal Forward
1 - 35% - 40% - 18:58
2 - 29% - 30% - 15:39
3 - 21% - 20% - 11:26
4 - 14% - 10% - 7:36
Normal Defense
1 - 38% - 40% - 20:10
2 - 34% - 30% - 18:26
3 - 21% - 20% - 11:27
4 - 7% - 10% - 3:36
PP Forward
1 - 59% - 60% - 2:21
2 - 41% - 40% - 1:37
PP Defense
1 - 66% - 60% - 2:36
2 - 34% - 40% - 1:22
PK Forward
1 - 83% - 60% - 1:58
2 - 17% - 40% - 0:25
PK Defense
1 - 67% - 60% - 1:36
2 - 33% - 40% - 0:47
PK3 Forward
1 - 0% - 60%
2 - 0% - 40%
PK3 Defense
1 - 0% - 60%
2 - 0% - 40%
44 Forward
1 - 0% - 60%
2 - 0% - 40%
44 Defense
1 - 0% - 60%
2 - 0% - 40%
Last Minute Offensive - 0:00
Last Minute Defensive - 0:00
Total
Forward - 60:00
Defense - 60:00
|
% Time on Ice - Predators
Lines # - Real PCT - Wanted PCT - Time Play
Normal Forward
1 - 35% - 40% - 18:39
2 - 27% - 30% - 14:20
3 - 19% - 20% - 10:18
4 - 19% - 10% - 10:22
Normal Defense
1 - 39% - 40% - 20:55
2 - 30% - 30% - 16:11
3 - 24% - 20% - 12:49
4 - 7% - 10% - 3:44
PP Forward
1 - 70% - 60% - 1:40
2 - 30% - 40% - 0:43
PP Defense
1 - 68% - 60% - 1:37
2 - 32% - 40% - 0:46
PK Forward
1 - 78% - 60% - 3:06
2 - 22% - 40% - 0:52
PK Defense
1 - 65% - 60% - 2:35
2 - 35% - 40% - 1:23
PK3 Forward
1 - 0% - 60%
2 - 0% - 40%
PK3 Defense
1 - 0% - 60%
2 - 0% - 40%
44 Forward
1 - 0% - 60%
2 - 0% - 40%
44 Defense
1 - 0% - 60%
2 - 0% - 40%
Last Minute Offensive - 0:00
Last Minute Defensive - 0:00
Total
Forward - 60:00
Defense - 60:00
|
Play-by-Play
1st period
0:01 of 1st period - Jack Eichel wins face-off versus Matt Duchene in neutral zone.
0:17 of 1st period - Icing by John Moore.
0:18 of 1st period - Jack Eichel wins face-off versus Aleksander Barkov in Predators zone.
0:18 of 1st period - Jack Eichel is hit by Aleksander Barkov.
0:43 of 1st period - Snap shot by Mikael Granlund.
0:43 of 1st period - Stopped by Brandon Halverson with a rebound.
0:53 of 1st period - Wrist shot by Jack Eichel.
0:53 of 1st period - Shot Blocked by Griffin Reinhart.
0:55 of 1st period - Slapshot by John Moore.
0:55 of 1st period - Shot Blocked by Danny DeKeiser.
1:19 of 1st period - Snap shot by Mikael Granlund.
1:19 of 1st period - Stopped by Brandon Halverson without a rebound.
1:20 of 1st period - Scott Laughton wins face-off versus Matt Duchene in Panthers zone.
2:12 of 1st period - Wrist shot by Nikita Kucherov.
2:12 of 1st period - Shot Misses the Net.
2:22 of 1st period - Slapshot by Nikita Kucherov.
2:22 of 1st period - Stopped by Andrei Vasilevskiy with a rebound.
2:36 of 1st period - Snap shot by Nikita Kucherov.
2:36 of 1st period - Shot Misses the Net.
2:58 of 1st period - Wrist shot by Nikita Kucherov.
2:58 of 1st period - Shot Misses the Net.
3:00 of 1st period - Slapshot by Nikita Kucherov.
3:00 of 1st period - Shot Blocked by Ryan Mcdonagh.
3:25 of 1st period - Snap shot by Matt Duchene.
3:25 of 1st period - Stopped by Andrei Vasilevskiy without a rebound.
3:26 of 1st period - Aleksander Barkov wins face-off versus Andy Miele in Predators zone.
3:29 of 1st period - Snap shot by Drake Batherson.
3:29 of 1st period - Shot Blocked by Jaden Schwartz.
4:02 of 1st period - Off-side.
4:03 of 1st period - Jack Eichel wins face-off versus Dominik Kahun in neutral zone.
4:40 of 1st period - Wrist shot by Jaden Schwartz.
4:40 of 1st period - Shot Misses the Net.
5:24 of 1st period - Slapshot by Jack Eichel.
5:24 of 1st period - Stopped by Brandon Halverson with a rebound.
6:18 of 1st period - Wrist shot by Kris Versteeg.
6:18 of 1st period - Shot Misses the Net.
7:48 of 1st period - Icing by Mathieu Joseph.
7:49 of 1st period - Miro Aaltonen wins face-off versus Markus Granlund in Predators zone.
7:56 of 1st period - Andreas Englund is hit by Niklas Hansson and loses puck.
8:09 of 1st period - Mikael Granlund is hit by Alex Pietrangelo and loses puck.
9:22 of 1st period - Wrist shot by Dominik Kahun.
9:22 of 1st period - Shot Misses the Net.
10:42 of 1st period - Wrist shot by Nikita Kucherov.
10:42 of 1st period - Shot Misses the Net.
10:44 of 1st period - Slapshot by Ladislav Smid.
10:44 of 1st period - Shot Blocked by Olli Juolevi.
10:46 of 1st period - Snap shot by Nikita Kucherov.
10:46 of 1st period - Stopped by Andrei Vasilevskiy with a rebound.
10:48 of 1st period - Slapshot by Radim Simek.
10:48 of 1st period - Shot Blocked by Reilly Smith.
11:08 of 1st period - Slapshot by Jack Eichel.
11:08 of 1st period - Shot Misses the Net.
11:10 of 1st period - Snap shot by Jack Eichel.
11:10 of 1st period - Shot Misses the Net.
11:12 of 1st period - Slapshot by Andreas Englund.
11:12 of 1st period - Deflect By Ladislav Smid.
11:12 of 1st period - Stopped by Brandon Halverson without a rebound.
11:13 of 1st period - Scott Laughton wins face-off versus Matt Duchene in Panthers zone.
11:22 of 1st period - Wrist shot by Mark Pysyk.
11:22 of 1st period - Stopped by Brandon Halverson without a rebound.
11:23 of 1st period - Scott Laughton wins face-off versus Matt Duchene in Panthers zone.
11:42 of 1st period - Snap shot by Mark Pysyk.
11:42 of 1st period - Stopped by Brandon Halverson without a rebound.
11:43 of 1st period - Jack Eichel wins face-off versus Aleksander Barkov in Panthers zone.
11:46 of 1st period - Snap shot by Mikael Granlund.
11:46 of 1st period - Stopped by Brandon Halverson with a rebound.
11:48 of 1st period - Wrist shot by Jack Eichel.
11:48 of 1st period - Shot Misses the Net.
11:50 of 1st period - Slapshot by Travis Dermott.
11:50 of 1st period - Stopped by Brandon Halverson with a rebound.
11:52 of 1st period - Wrist shot by Jack Eichel.
11:52 of 1st period - Shot Misses the Net.
11:54 of 1st period - Slapshot by Travis Dermott.
11:54 of 1st period - Shot Blocked by Alex Pietrangelo.
11:56 of 1st period - Wrist shot by Alexander Ovechkin.
11:56 of 1st period - Stopped by Brandon Halverson without a rebound.
11:57 of 1st period - Matt Duchene wins face-off versus Jack Eichel in Panthers zone.
12:06 of 1st period - Wrist shot by Nikita Kucherov.
12:06 of 1st period - Stopped by Andrei Vasilevskiy without a rebound.
12:07 of 1st period - Jack Eichel wins face-off versus Matt Duchene in Predators zone.
12:24 of 1st period - Wrist shot by Mikael Granlund.
12:24 of 1st period - Stopped by Brandon Halverson with a rebound.
12:26 of 1st period - Backhand shot by Alexander Ovechkin.
12:26 of 1st period - Shot Misses the Net.
12:28 of 1st period - Snap shot by Jack Eichel.
12:28 of 1st period - Shot Misses the Net.
12:30 of 1st period - Snap shot by Ryan Mcdonagh.
12:30 of 1st period - Shot Misses the Net.
12:48 of 1st period - Snap shot by Matt Duchene.
12:48 of 1st period - Stopped by Andrei Vasilevskiy with a rebound.
13:43 of 1st period - Snap shot by Matt Duchene.
13:43 of 1st period - Stopped by Andrei Vasilevskiy without a rebound.
13:44 of 1st period - Scott Laughton wins face-off versus Aleksander Barkov in Predators zone.
13:55 of 1st period - Snap shot by Pavel Buchnevich.
13:55 of 1st period - Stopped by Andrei Vasilevskiy without a rebound.
13:56 of 1st period - Aleksander Barkov wins face-off versus Scott Laughton in Predators zone.
14:47 of 1st period - Dmitrij Jaskin is hit by Markus Granlund and loses puck.
15:26 of 1st period - Justin Faulk is hit by Kris Versteeg and loses puck.
15:41 of 1st period - Slapshot by Alex Pietrangelo.
15:41 of 1st period - Shot Hit the Post.
15:43 of 1st period - Wrist shot by Dmitrij Jaskin.
15:43 of 1st period - Shot Misses the Net.
15:45 of 1st period - Wrist shot by Dominik Kahun.
15:45 of 1st period - Stopped by Andrei Vasilevskiy without a rebound.
15:46 of 1st period - Dominik Kahun wins face-off versus Markus Granlund in Predators zone.
16:12 of 1st period - Icing by Travis Dermott.
16:13 of 1st period - Aleksander Barkov wins face-off versus Markus Granlund in Predators zone.
16:32 of 1st period - Snap shot by Markus Granlund.
16:32 of 1st period - Stopped by Brandon Halverson with a rebound.
16:34 of 1st period - Slapshot by Andreas Englund.
16:34 of 1st period - Shot Hit the Post.
16:38 of 1st period - Snap shot by Nicolas Kerdiles.
16:38 of 1st period - Stopped by Brandon Halverson with a rebound.
16:46 of 1st period - Snap shot by Travis Dermott.
16:46 of 1st period - Stopped by Brandon Halverson without a rebound.
16:47 of 1st period - Jack Eichel wins face-off versus Matt Duchene in Panthers zone.
16:50 of 1st period - Wrist shot by Jack Eichel.
16:50 of 1st period - Shot Blocked by Danny DeKeiser.
16:52 of 1st period - Wrist shot by Jack Eichel.
16:52 of 1st period - Deflect By Alexander Ovechkin.
16:52 of 1st period - Shot Misses the Net.
16:52 of 1st period - Puck is out of play.
16:53 of 1st period - Jack Eichel wins face-off versus Matt Duchene in Panthers zone.
17:45 of 1st period - Snap shot by Griffin Reinhart.
17:45 of 1st period - Stopped by Andrei Vasilevskiy with a rebound.
17:48 of 1st period - Icing by Ryan Mcdonagh.
17:49 of 1st period - Aleksander Barkov wins face-off versus Scott Laughton in Predators zone.
18:16 of 1st period - Travis Dermott is hit by Drake Batherson and loses puck.
18:22 of 1st period - Off-side.
18:23 of 1st period - Jack Eichel wins face-off versus Miro Aaltonen in neutral zone.
18:54 of 1st period - Wrist shot by Andy Miele.
18:54 of 1st period - Stopped by Brandon Halverson without a rebound.
18:55 of 1st period - Andy Miele wins face-off versus Aleksander Barkov in Panthers zone.
18:58 of 1st period - Wrist shot by Reilly Smith.
18:58 of 1st period - Goal by Reilly Smith - Panthers : 0 - Predators : 1.
18:59 of 1st period - Jack Eichel wins face-off versus Aleksander Barkov in neutral zone.
19:34 of 1st period - Slapshot by Griffin Reinhart.
19:34 of 1st period - Stopped by Andrei Vasilevskiy with a rebound.
19:50 of 1st period - Reilly Smith is hit by Kris Versteeg and loses puck.
Goals for this period are 0 for Panthers vs 1 for Predators.
Shots for this period are 10 for Panthers vs 15 for Predators.
2nd period
0:01 of 2nd period - Jack Eichel wins face-off versus Matt Duchene in neutral zone.
0:59 of 2nd period - Wrist shot by Markus Granlund.
0:59 of 2nd period - Deflect By Mathieu Joseph.
0:59 of 2nd period - Shot Misses the Net.
0:59 of 2nd period - Puck is out of play.
1:00 of 2nd period - Matt Duchene wins face-off versus Jack Eichel in Panthers zone.
1:09 of 2nd period - Snap shot by Matt Duchene.
1:09 of 2nd period - Shot Misses the Net.
1:39 of 2nd period - Wrist shot by Derick Brassard.
1:39 of 2nd period - Stopped by Andrei Vasilevskiy with a rebound.
1:41 of 2nd period - Snap shot by Derick Brassard.
1:41 of 2nd period - Shot Blocked by John Moore.
1:43 of 2nd period - Snap shot by Nikita Kucherov.
1:43 of 2nd period - Stopped by Andrei Vasilevskiy with a rebound.
1:45 of 2nd period - Slapshot by Griffin Reinhart.
1:45 of 2nd period - Stopped by Andrei Vasilevskiy with a rebound.
2:21 of 2nd period - Backhand shot by Matt Duchene.
2:21 of 2nd period - Stopped by Andrei Vasilevskiy without a rebound.
2:22 of 2nd period - Jack Eichel wins face-off versus Aleksander Barkov in Predators zone.
2:22 of 2nd period - Jack Eichel is hit by Aleksander Barkov.
3:31 of 2nd period - Markus Granlund is hit by Radim Simek and loses puck.
3:41 of 2nd period - Snap shot by Nicolas Kerdiles.
3:41 of 2nd period - Deflect By Markus Granlund.
3:41 of 2nd period - Shot Misses the Net.
3:41 of 2nd period - Puck is out of play.
3:42 of 2nd period - Aleksander Barkov wins face-off versus Jack Eichel in Panthers zone.
3:47 of 2nd period - Snap shot by Aleksander Barkov.
3:47 of 2nd period - Shot Misses the Net.
3:49 of 2nd period - Slapshot by Alex Pietrangelo.
3:49 of 2nd period - Shot Misses the Net.
3:51 of 2nd period - Slapshot by Alex Pietrangelo.
3:51 of 2nd period - Deflect By Pavel Buchnevich.
3:51 of 2nd period - Shot Misses the Net.
3:51 of 2nd period - Puck is out of play.
3:52 of 2nd period - Aleksander Barkov wins face-off versus Jack Eichel in Predators zone.
4:11 of 2nd period - Wrist shot by Jack Eichel.
4:11 of 2nd period - Shot Blocked by Alex Pietrangelo.
5:08 of 2nd period - Wrist shot by Aleksander Barkov.
5:08 of 2nd period - Stopped by Andrei Vasilevskiy without a rebound.
5:09 of 2nd period - Matt Duchene wins face-off versus Scott Laughton in Predators zone.
5:29 of 2nd period - Icing by Radim Simek.
5:30 of 2nd period - Matt Duchene wins face-off versus Andy Miele in Panthers zone.
5:30 of 2nd period - Matt Duchene is hit by Reilly Smith.
6:18 of 2nd period - Wrist shot by Markus Granlund.
6:18 of 2nd period - Shot Blocked by Danny DeKeiser.
6:20 of 2nd period - Slapshot by Olli Juolevi.
6:20 of 2nd period - Shot Blocked by Griffin Reinhart.
6:22 of 2nd period - Slapshot by Nicolas Kerdiles.
6:22 of 2nd period - Stopped by Brandon Halverson without a rebound.
6:23 of 2nd period - Markus Granlund wins face-off versus Matt Duchene in Panthers zone.
6:32 of 2nd period - Slapshot by Justin Faulk.
6:32 of 2nd period - Shot Misses the Net.
6:34 of 2nd period - Slapshot by Nicolas Kerdiles.
6:34 of 2nd period - Shot Misses the Net.
6:36 of 2nd period - Snap shot by Markus Granlund.
6:36 of 2nd period - Shot Blocked by Matt Duchene.
7:02 of 2nd period - Snap shot by Nicolas Kerdiles.
7:02 of 2nd period - Stopped by Brandon Halverson without a rebound.
7:03 of 2nd period - Miro Aaltonen wins face-off versus Jack Eichel in Panthers zone.
7:26 of 2nd period - Icing by John Moore.
7:27 of 2nd period - Jack Eichel wins face-off versus Aleksander Barkov in Predators zone.
7:44 of 2nd period - Slapshot by Alex Pietrangelo.
7:44 of 2nd period - Stopped by Andrei Vasilevskiy with a rebound.
7:54 of 2nd period - Snap shot by Matt Duchene.
7:54 of 2nd period - Stopped by Andrei Vasilevskiy with a rebound.
8:02 of 2nd period - Snap shot by Reilly Smith.
8:02 of 2nd period - Deflect By Jaden Schwartz.
8:02 of 2nd period - Stopped by Brandon Halverson with a rebound.
8:06 of 2nd period - Slapshot by Jaden Schwartz.
8:06 of 2nd period - Shot Blocked by Matt Duchene.
8:25 of 2nd period - Icing by Ryan Mcdonagh.
8:26 of 2nd period - Aleksander Barkov wins face-off versus Jack Eichel in Predators zone.
9:49 of 2nd period - Wrist shot by Nicolas Kerdiles.
9:49 of 2nd period - Stopped by Brandon Halverson without a rebound.
9:50 of 2nd period - Jack Eichel wins face-off versus Aleksander Barkov in Panthers zone.
9:53 of 2nd period - Snap shot by Jack Eichel.
9:53 of 2nd period - Shot Misses the Net.
10:05 of 2nd period - Slapshot by Aleksander Barkov.
10:05 of 2nd period - Goal by Aleksander Barkov - Panthers : 1 - Predators : 1.
10:06 of 2nd period - Matt Duchene wins face-off versus Jack Eichel in neutral zone.
10:21 of 2nd period - Wrist shot by Nikita Kucherov.
10:21 of 2nd period - Stopped by Andrei Vasilevskiy with a rebound.
10:46 of 2nd period - Snap shot by Alex Pietrangelo.
10:46 of 2nd period - Shot Blocked by Justin Faulk.
11:04 of 2nd period - Mark Pysyk is hit by Alex Pietrangelo.
11:08 of 2nd period - Alex Pietrangelo is hit by Justin Faulk and loses puck.
12:03 of 2nd period - Wrist shot by Alexander Ovechkin.
12:03 of 2nd period - Shot Misses the Net.
12:27 of 2nd period - Slapshot by Claude Giroux.
12:27 of 2nd period - Stopped by Brandon Halverson without a rebound.
12:28 of 2nd period - Scott Laughton wins face-off versus Miro Aaltonen in Panthers zone.
12:31 of 2nd period - Wrist shot by Claude Giroux.
12:31 of 2nd period - Shot Misses the Net.
12:39 of 2nd period - Slapshot by Travis Dermott.
12:39 of 2nd period - Goal by Travis Dermott - Panthers : 1 - Predators : 2.
12:40 of 2nd period - Jack Eichel wins face-off versus Matt Duchene in neutral zone.
12:52 of 2nd period - Alex Pietrangelo is hit by Ryan Mcdonagh and loses puck.
13:07 of 2nd period - Mark Pysyk is hit by Pavel Buchnevich and loses puck.
13:24 of 2nd period - Minor Penalty to Niklas Hansson for Kneeing.
13:25 of 2nd period - Jack Eichel wins face-off versus Aleksander Barkov in Panthers zone.
13:30 of 2nd period - Wrist shot by Jack Eichel.
13:30 of 2nd period - Stopped by Brandon Halverson without a rebound.
13:31 of 2nd period - Aleksander Barkov wins face-off versus Mikael Granlund in Panthers zone.
13:42 of 2nd period - Wrist shot by Jack Eichel.
13:42 of 2nd period - Deflect By Alexander Ovechkin.
13:42 of 2nd period - Stopped by Brandon Halverson with a rebound.
13:44 of 2nd period - Backhand shot by Justin Faulk.
13:44 of 2nd period - Stopped by Brandon Halverson with a rebound.
13:46 of 2nd period - Slapshot by Justin Faulk.
13:46 of 2nd period - Deflect By Jack Eichel.
13:46 of 2nd period - Stopped by Brandon Halverson with a rebound.
13:48 of 2nd period - Slapshot by John Moore.
13:48 of 2nd period - Goal by John Moore - Panthers : 1 - Predators : 3.
13:49 of 2nd period - Jack Eichel wins face-off versus Matt Duchene in neutral zone.
14:23 of 2nd period - Slapshot by Justin Faulk.
14:23 of 2nd period - Deflect By Niklas Hansson.
14:23 of 2nd period - Stopped by Brandon Halverson without a rebound.
14:24 of 2nd period - Aleksander Barkov wins face-off versus Scott Laughton in Panthers zone.
14:34 of 2nd period - Minor Penalty to John Moore for Holding.
14:35 of 2nd period - Andy Miele wins face-off versus Matt Duchene in Predators zone.
15:32 of 2nd period - Wrist shot by Jaden Schwartz.
15:32 of 2nd period - Shot Blocked by Danny DeKeiser.
16:34 of 2nd period - Penalty to John Moore is over, John Moore is back on ice.
16:47 of 2nd period - Off-side.
16:48 of 2nd period - Miro Aaltonen wins face-off versus Markus Granlund in neutral zone.
17:00 of 2nd period - Snap shot by Nicolas Kerdiles.
17:00 of 2nd period - Shot Misses the Net.
17:56 of 2nd period - Ladislav Smid is hit by Mikael Granlund.
18:08 of 2nd period - Slapshot by Matt Puempel.
18:08 of 2nd period - Deflect By Mikael Granlund.
18:08 of 2nd period - Shot Blocked by Travis Dermott.
18:08 of 2nd period - Puck is out of play.
18:09 of 2nd period - Matt Duchene wins face-off versus Scott Laughton in Predators zone.
18:36 of 2nd period - Mikael Granlund is hit by Aleksander Barkov and loses puck.
18:57 of 2nd period - Snap shot by Kris Versteeg.
18:57 of 2nd period - Shot Blocked by Travis Dermott.
19:18 of 2nd period - Wrist shot by Claude Giroux.
19:18 of 2nd period - Shot Blocked by Griffin Reinhart.
19:20 of 2nd period - Slapshot by Andreas Englund.
19:20 of 2nd period - Shot Blocked by Dominik Kahun.
19:22 of 2nd period - Snap shot by Scott Laughton.
19:22 of 2nd period - Shot Blocked by Danny DeKeiser.
19:24 of 2nd period - Slapshot by Mark Pysyk.
19:24 of 2nd period - Shot Misses the Net.
19:32 of 2nd period - Slapshot by Danny DeKeiser.
19:32 of 2nd period - Shot Blocked by Travis Dermott.
Goals for this period are 1 for Panthers vs 2 for Predators.
Shots for this period are 9 for Panthers vs 12 for Predators.
3rd period
0:01 of 3rd period - Jack Eichel wins face-off versus Matt Duchene in neutral zone.
1:22 of 3rd period - Wrist shot by Nicolas Kerdiles.
1:22 of 3rd period - Shot Blocked by Matt Puempel.
1:24 of 3rd period - Wrist shot by Markus Granlund.
1:24 of 3rd period - Goal by Markus Granlund - Panthers : 1 - Predators : 4.
1:25 of 3rd period - Jack Eichel wins face-off versus Matt Duchene in neutral zone.
1:37 of 3rd period - Minor Penalty to Derick Brassard for Holding Stick.
1:38 of 3rd period - Aleksander Barkov wins face-off versus Jack Eichel in Panthers zone.
3:29 of 3rd period - John Moore is hit by Miro Aaltonen and loses puck.
3:37 of 3rd period - Penalty to Derick Brassard is over, Derick Brassard is back on ice.
4:18 of 3rd period - Wrist shot by Dmitrij Jaskin.
4:18 of 3rd period - Stopped by Andrei Vasilevskiy with a rebound.
5:25 of 3rd period - Backhand shot by Danny DeKeiser.
5:25 of 3rd period - Shot Misses the Net.
6:08 of 3rd period - Backhand shot by Justin Faulk.
6:08 of 3rd period - Stopped by Brandon Halverson without a rebound.
6:09 of 3rd period - Aleksander Barkov wins face-off versus Scott Laughton in Panthers zone.
6:15 of 3rd period - Slapshot by Radim Simek.
6:15 of 3rd period - Shot Blocked by Travis Dermott.
6:31 of 3rd period - Radim Simek is hit by Travis Dermott and loses puck.
7:49 of 3rd period - Icing by Jack Eichel.
7:50 of 3rd period - Matt Duchene wins face-off versus Jack Eichel in Predators zone.
8:25 of 3rd period - Snap shot by Claude Giroux.
8:25 of 3rd period - Deflect By Mark Pysyk.
8:25 of 3rd period - Shot Misses the Net.
8:25 of 3rd period - Puck is out of play.
8:26 of 3rd period - Aleksander Barkov wins face-off versus Jack Eichel in Panthers zone.
8:55 of 3rd period - Slapshot by Travis Dermott.
8:55 of 3rd period - Stopped by Brandon Halverson with a rebound.
8:57 of 3rd period - Slapshot by Ryan Mcdonagh.
8:57 of 3rd period - Shot Misses the Net.
8:59 of 3rd period - Slapshot by Travis Dermott.
8:59 of 3rd period - Goal by Travis Dermott - Panthers : 1 - Predators : 5.
9:00 of 3rd period - Jack Eichel wins face-off versus Derick Brassard in neutral zone.
9:16 of 3rd period - Slapshot by Mikael Granlund.
9:16 of 3rd period - Shot Misses the Net.
9:35 of 3rd period - Snap shot by Matt Duchene.
9:35 of 3rd period - Stopped by Andrei Vasilevskiy without a rebound.
9:36 of 3rd period - Aleksander Barkov wins face-off versus Jack Eichel in Predators zone.
9:39 of 3rd period - Slapshot by Drake Batherson.
9:39 of 3rd period - Shot Blocked by Jack Eichel.
9:41 of 3rd period - Snap shot by Aleksander Barkov.
9:41 of 3rd period - Stopped by Andrei Vasilevskiy with a rebound.
9:43 of 3rd period - Snap shot by Pavel Buchnevich.
9:43 of 3rd period - Shot Misses the Net.
9:45 of 3rd period - Snap shot by Drake Batherson.
9:45 of 3rd period - Stopped by Andrei Vasilevskiy with a rebound.
9:47 of 3rd period - Slapshot by Griffin Reinhart.
9:47 of 3rd period - Stopped by Andrei Vasilevskiy with a rebound.
10:08 of 3rd period - Minor Penalty to Olli Juolevi for Cross-checking.
10:09 of 3rd period - Andy Miele wins face-off versus Matt Duchene in Predators zone.
10:15 of 3rd period - Icing by Nikita Kucherov.
10:16 of 3rd period - Matt Duchene wins face-off versus Andy Miele in Panthers zone.
10:27 of 3rd period - Wrist shot by Matt Duchene.
10:27 of 3rd period - Stopped by Andrei Vasilevskiy without a rebound.
10:28 of 3rd period - Andy Miele wins face-off versus Matt Duchene in Predators zone.
10:45 of 3rd period - Slapshot by Alex Pietrangelo.
10:45 of 3rd period - Stopped by Andrei Vasilevskiy without a rebound.
10:46 of 3rd period - Andy Miele wins face-off versus Aleksander Barkov in Predators zone.
10:46 of 3rd period - Andy Miele is hit by Aleksander Barkov.
11:06 of 3rd period - Ryan Mcdonagh is hit by Niklas Hansson and loses puck.
11:31 of 3rd period - Snap shot by Nikita Kucherov.
11:31 of 3rd period - Stopped by Andrei Vasilevskiy with a rebound.
12:08 of 3rd period - Penalty to Olli Juolevi is over, Olli Juolevi is back on ice.
12:15 of 3rd period - Miro Aaltonen is hit by Jack Eichel and loses puck.
12:42 of 3rd period - Snap shot by Dmitrij Jaskin.
12:42 of 3rd period - Stopped by Andrei Vasilevskiy with a rebound.
12:44 of 3rd period - Slapshot by Danny DeKeiser.
12:44 of 3rd period - Shot Blocked by Ryan Mcdonagh.
13:29 of 3rd period - Ladislav Smid is hit by Alexander Ovechkin and loses puck.
13:55 of 3rd period - Snap shot by Claude Giroux.
13:55 of 3rd period - Shot Misses the Net.
14:09 of 3rd period - Slapshot by Justin Faulk.
14:09 of 3rd period - Deflect By Miro Aaltonen.
14:09 of 3rd period - Stopped by Brandon Halverson with a rebound.
14:11 of 3rd period - Slapshot by Nicolas Kerdiles.
14:11 of 3rd period - Stopped by Brandon Halverson without a rebound.
14:12 of 3rd period - Markus Granlund wins face-off versus Miro Aaltonen in Panthers zone.
14:33 of 3rd period - Slapshot by Ladislav Smid.
14:33 of 3rd period - Shot Blocked by Andreas Englund.
14:45 of 3rd period - Slapshot by Markus Granlund.
14:45 of 3rd period - Shot Misses the Net.
14:47 of 3rd period - Wrist shot by Markus Granlund.
14:47 of 3rd period - Stopped by Brandon Halverson with a rebound.
14:49 of 3rd period - Slapshot by Andreas Englund.
14:49 of 3rd period - Stopped by Brandon Halverson with a rebound.
14:51 of 3rd period - Slapshot by Andreas Englund.
14:51 of 3rd period - Stopped by Brandon Halverson with a rebound.
14:53 of 3rd period - Slapshot by Andreas Englund.
14:53 of 3rd period - Deflect By Kris Versteeg.
14:53 of 3rd period - Stopped by Brandon Halverson without a rebound.
14:54 of 3rd period - Jack Eichel wins face-off versus Matt Duchene in Panthers zone.
15:21 of 3rd period - Niklas Hansson is hit by Mark Pysyk.
15:40 of 3rd period - Mark Pysyk is hit by Drake Batherson and loses puck.
16:09 of 3rd period - Snap shot by Aleksander Barkov.
16:09 of 3rd period - Shot Misses the Net.
16:14 of 3rd period - Off-side.
16:15 of 3rd period - Matt Duchene wins face-off versus Jack Eichel in neutral zone.
16:15 of 3rd period - Matt Duchene is hit by Justin Faulk.
16:18 of 3rd period - Alex Pietrangelo is hit by Justin Faulk and loses puck.
16:41 of 3rd period - Alex Pietrangelo is hit by John Moore and loses puck.
16:48 of 3rd period - Matt Duchene is hit by Justin Faulk and loses puck.
17:05 of 3rd period - Snap shot by Matt Duchene.
17:05 of 3rd period - Shot Misses the Net.
17:08 of 3rd period - Icing by Justin Faulk.
17:09 of 3rd period - Markus Granlund wins face-off versus Miro Aaltonen in Predators zone.
17:21 of 3rd period - Miro Aaltonen is hit by John Moore and loses puck.
17:38 of 3rd period - Slapshot by Jack Eichel.
17:38 of 3rd period - Deflect By Mikael Granlund.
17:38 of 3rd period - Stopped by Brandon Halverson with a rebound.
17:54 of 3rd period - Slapshot by Alex Pietrangelo.
17:54 of 3rd period - Stopped by Andrei Vasilevskiy with a rebound.
19:54 of 3rd period - Slapshot by Ryan Mcdonagh.
19:54 of 3rd period - Shot Misses the Net.
19:56 of 3rd period - Slapshot by Travis Dermott.
19:56 of 3rd period - Stopped by Brandon Halverson without a rebound.
19:57 of 3rd period - Jack Eichel wins face-off versus Aleksander Barkov in Panthers zone.
Goals for this period are 0 for Panthers vs 2 for Predators.
Shots for this period are 10 for Panthers vs 12 for Predators.